 Dungeon Crawl Stone Soup version 0.14-a0-1169-g4815781 (webtiles) character file.

48 Mitsuki the Vexing (level 3, 15/25 HPs)
             Began as a Centaur Arcane Marksman on Nov 29, 2013.
             Quit the game on Level 1 of the Dungeon.
             The game lasted 00:12:29 (702 turns).

Mitsuki the Vexing (Centaur Arcane Marksman)         Turns: 702, Time: 00:12:29

HP  15/25        AC  7     Str 13      XL: 3   Next: 21%
MP   4/4         EV  7     Int 12      God:
Gold 11          SH  0     Dex 11      Spells:  2 memorised,  2 levels left

rFire  . . .     SeeInvis .     j - -3,-1 dagger (curse)
rCold  . . .     Clarity  +     g - +1 dwarf ring mail
rNeg   . . .     Conserve .     (no shield)
rPois  .         rCorr    .     (no helmet)
rElec  .         rRot     .     (no cloak)
SustAb . .       Spirit   .     h - +0 pair of gauntlets
rMut   .         Warding  .     (no barding)
Saprov . . .     Stasis   .     (no amulet)
                                (no ring)
                                (no ring)

@: very quick, not resistant to hostile enchantments, extremely unstealthy
A: hooves 3, agile 1, clarity, deformed body, deterioration 1, herbivore 1,
speed 2, fast metabolism 1, frail 1, mutation resistance 1, tough skin 3
a: no special abilities


You were on level 1 of the Dungeon.
You were not hungry.

You visited 1 branch of the dungeon, and saw 1 of its levels.

You collected 11 gold pieces.

Inventory:

Hand weapons
 b - a +0,+0 bow
 j - a cursed -3,-1 dagger (weapon)
Missiles
 c - 8 arrows
Armour
 a - a +0 robe
 g - a +1 dwarven ring mail (worn)
 h - a +0 pair of gauntlets (worn)
Comestibles
 f - 2 bread rations
Scrolls
 i - 2 scrolls of remove curse {unknown}
Potions
 e - a potion of curing {unknown}
Books
 d - a book of Debilitation

   Spells                             Type                      Level
   *Corona                            Hexes                        1
   *Slow                              Hexes                        2
   Inner Flame                        Hexes/Fire                   3
   Enslavement                        Hexes                        4
   Cause Fear                         Hexes                        4
   Leda's Liquefaction                Hexes/Earth                  4


   Skills:
 + Level 1.0 Fighting
 + Level 3.2 Bows
 + Level 0.1 Armour
 + Level 1.5 Dodging
 + Level 1.9 Spellcasting
 + Level 3.3 Hexes


You had 2 spell levels left.
You knew the following spells:

 Your Spells              Type           Power        Failure   Level  Hunger
a - Corona                Hex            #......      21%         1    ##.....
b - Slow                  Hex            #.......     28%         2    ###....


Dungeon Overview and Level Annotations

Branches:
Dungeon (1/16)

Altars:


Innate Abilities, Weirdness & Mutations

You have hooves in place of feet.
Armour fits poorly on your strangely shaped body.
You digest meat inefficiently.
You cover ground very quickly.
You have a fast metabolism.
You have extremely tough skin (AC +3).
You are agile. (Dex +2)
You possess an exceptional clarity of mind.
Your body is slowly deteriorating.
You are frail (-10% HP).
You are somewhat resistant to further mutation.


Message History

You kick the giant cockroach.
The giant cockroach is almost dead.
The giant cockroach barely misses you.
You hit the giant cockroach but do no damage.
You kick the giant cockroach.
You kill the giant cockroach!
c - 5 arrows (gained 1) Read which item? (? for menu, Esc to quit)
Drink which item? (? for menu, Esc to quit)
You feel extremely strange.
You feel agile.
Your thoughts seem clearer.
You feel genetically stable.
It was a potion of mutation.
Unknown command.
Drink which item? (? for menu, Esc to quit)
You feel extremely strange.
You feel frail.
You feel yourself wasting away.
Drink which item? (? for menu, Esc to quit)
You feel extremely strange.
c - 8 arrows (gained 3) Are you sure you want to abandon this character and quit the game? (Confirm with "yes".)

#######.####.###.##..............
#.# #.# #.###'###'###'###'
###.####.# #.##..f#...#...#..
#......#.###.##...#..f#...#..
#......#......###############
#......#..........# #.##.
#......#..........# #.###
#####......#..........#######.###
%...%...........@.......)........
..%##......#.##..######.......###
...#########.##..# #.......# ...#
#.##..# #.......#
...#########.##..# #.......#
....>............# #.......#
...#########.##.## #.......###
...# #.##.#######.......... ####
#..................###


There were no monsters in sight!

Vanquished Creatures
  A giant gecko (D:1)
  A bat (D:1)
  5 giant cockroaches (D:1)
  2 goblins (D:1)
  2 hobgoblins (D:1)
  10 jackals (D:1)
  A giant newt (D:1)
  5 kobolds (D:1)
  3 rats (D:1)
30 creatures vanquished.

Notes
Turn   | Place    | Note
--------------------------------------------------------------
     0 | D:1      | Mitsuki, the Centaur Arcane Marksman, began the quest for the Orb.
     0 | D:1      | Reached XP level 1. HP: 16/16 MP: 1/1
   117 | D:1      | Reached skill level 3 in Hexes
   203 | D:1      | Reached XP level 2. HP: 23/23 MP: 2/2
   492 | D:1      | Learned a level 2 spell: Slow
   575 | D:1      | Reached XP level 3. HP: 26/28 MP: 4/4
   689 | D:1      | Gained mutation: You are agile. (Dex +2) [potion of mutation]
   689 | D:1      | Gained mutation: You possess an exceptional clarity of mind. [potion of mutation]
   689 | D:1      | Gained mutation: You are somewhat resistant to further mutation. [potion of mutation]
   690 | D:1      | Gained mutation: You are frail (-10% HP). [potion of mutation]
   690 | D:1      | Gained mutation: Your body is slowly deteriorating. [potion of mutation]
   702 | D:1      | Quit the game

Action                   || total
-------------------------++-------
Melee: Dagger            ||    18
 Fire: Bow               ||    79
 Cast: Corona            ||    11
  Use: Scroll            ||     2
       Potion            ||     3
